 Dungeon Crawl Stone Soup version 0.25-a0-85-g7617fd2bc2 (webtiles) character file.

Game seed: 10441736236881050097, levelgen mode: deterministic

189 MrRokkomies the Skirmisher (level 5, -9/47 HPs)
             Began as a Ghoul Gladiator on Nov 8, 2019.
             Was a Believer of Uskayaw.
             Killed by divine providence
             ... invoked by an orc priest
              (13 damage)
             ... on level 4 of the Dungeon.
             The game lasted 00:03:51 (1911 turns).

MrRokkomies the Skirmisher (Ghoul Gladiator)        Turns: 1911, Time: 00:03:53

Health: -9/47      AC: 10    Str: 19    XL:     5   Next: 68%
Magic:  4/4        EV:  8    Int:  3    God:    Uskayaw [**....]
Gold:   122        SH:  0    Dex: 10    Spells: 4/4 levels left

rFire    . . .     SeeInvis .   a - +0 long sword
rCold    + + .     Gourm    .   (no shield)
rNeg     + + +     Faith    .   n - +0 chain mail {rC+}
rPois    ∞         Spirit   .   c - +0 helmet
rElec    .         Reflect  .   (no cloak)
rCorr    .         Harm     .   (no gloves)
MR       .....                  j - +0 pair of boots
Stlth    ..........             (no amulet)
HPRegen  0.00/turn              (no ring)
MPRegen  0.09/turn              (no ring)

@: rotting
A: rotting body, claws 1, carnivore, cold resistance 1, negative energy
resistance 3, inhibited regeneration, torment resistance, unbreathing
a: Stomp, Line Pass, Renounce Religion


You were on level 4 of the Dungeon.
You worshipped Uskayaw.
Uskayaw was noncommittal.
You were not hungry.

You visited 2 branches of the dungeon, and saw 5 of its levels.

You collected 122 gold pieces.

Inventory:

Hand Weapons
 a - a +0 long sword (weapon)
Missiles
 d - 2 throwing nets (quivered)
 h - 8 curare-tipped darts
Armour
 c - a +0 helmet (worn)
 j - a +0 pair of boots (worn)
 n - a +0 chain mail of cold resistance (worn)
Jewellery
 m - an uncursed ring of ice
Scrolls
 e - a scroll of remove curse
 i - a scroll of identify
 k - 2 scrolls of amnesia
Potions
 b - a potion of cancellation
 l - a potion of might
Comestibles
 f - 4 rations


   Skills:
 * Level 4.6 Fighting
 * Level 4.4 Long Blades
 - Level 1.7 Throwing
 - Level 2.6 Dodging
 + Level 0.0 Invocations


You had 4 spell levels left.
You didn't know any spells.
Your spell library was empty.

Dungeon Overview and Level Annotations

Branches:
Dungeon (4/15)             Temple (1/1) D:4

Altars:
Gozag
Kikubaaqudgha
Nemelex Xobeh
Sif Muna
Trog
Uskayaw
Vehumet
Wu Jian
The Shining One


Innate Abilities, Weirdness & Mutations

Your body is rotting away.
You thrive on raw meat.
You are immune to poison.
You have sharp fingernails.
You are carnivorous and can eat meat at any time.
Your flesh is cold resistant. (rC+)
You are immune to negative energy. (rN+++)
You do not regenerate when monsters are visible.
You are immune to unholy pain and torment.
You can survive without breathing.


Message History

The orc hits you but does no damage.
Your chain mail prevents you from hitting the orc priest.
The orc priest is almost dead.
The orc wizard hits you but does no damage.
The orc wizard gestures at you while chanting.
The magic dart hits you but does no damage.
The orc hits you with a +0 short sword.
* * * LOW HITPOINT WARNING * * *
The orc priest struggles against the net.
The orc closely misses you.
You riposte.
Your chain mail prevents you from hitting the orc.
The orc is heavily wounded.
You catch the helpless orc priest completely off-guard!
You hit the orc priest.
The orc priest is almost dead.
The orc wizard barely misses you. The orc barely misses you.
You riposte.
You hit the orc but do no damage.
The orc priest calls down the wrath of Beogh upon you.
Beogh smites you!
You die...

.... ....... ..$.
o....... ...
....#.##. ... .o
....#
..#.#.......
..........#
#####.#.#.....#
##.##..........##
#.o@o.#.#.#.....#
#.oo#.......#....
#.#...#.>.#...#..
#...#.......#...#
###...#.#.#......
##..............
#.....#.#.......
##..#†.......#..
##.#..#........


You could see an orc priest (caught), an orc wizard and 2 orcs.

Vanquished Creatures
  A scorpion (D:3)
  Terence (D:3)
  A worker ant (D:3)
  4 adders
  3 dart slugs (D:1)
  2 leopard geckos (D:2)
  An orc (D:4)
  A ball python (D:4)
  2 giant cockroaches
  3 goblins (D:1)
  2 hobgoblins
  9 jackals
  3 kobolds
  A quokka (D:2)
  3 bats (D:2)
  6 frilled lizards
  8 rats
51 creatures vanquished.

Vanquished Creatures (others)
  A human (D:3)
1 creature vanquished.

Grand Total: 52 creatures vanquished

Notes
Turn   | Place    | Note
-------+----------+-------------------------------------------
     0 | D:1      | MrRokkomies the Ghoul Gladiator began the quest for the
                  | Orb.
     0 | D:1      | Reached XP level 1. HP: 17/17 MP: 0/0
    85 | D:1      | Reached XP level 2. HP: 22/25 MP: 1/1
   561 | D:2      | Reached XP level 3. HP: 31/31 MP: 2/2
   876 | D:2      | Found a glowing golden altar of the Shining One.
   887 | D:2      | Reached XP level 4. HP: 29/40 MP: 3/3
  1246 | D:3      | Found an ancient bone altar of Kikubaaqudgha.
  1246 | D:3      | Noticed a human
  1250 | D:3      | Killed a human
  1270 | D:3      | Found a faded altar of an unknown god.
  1305 | D:3      | Noticed Terence
  1347 | D:3      | Killed Terence
  1347 | D:3      | Reached XP level 5. HP: 5/46 MP: 4/4
  1516 | D:3      | Found an opulent altar of Gozag.
  1801 | D:4      | Noticed an ogre
  1841 | D:4      | Found a staircase to the Ecumenical Temple.
  1846 | Temple   | Entered the Ecumenical Temple
  1862 | Temple   | Became a worshipper of Uskayaw the Reveler
  1901 | D:4      | Reached * piety under Uskayaw
  1906 | D:4      | Reached ** piety under Uskayaw
  1911 | D:4      | Killed from afar by an orc priest

Levels and vault maps discovered:
D:1:      minmay_arrival_arboretum_small, layout_basic
D:2:      layout_rooms, old_standard_altar
D:3:      layout_basic, nicolae_gozag_cash_rules_everything_around_me,
          chequers_ecumenical_altar_simple, first_ration, serial_glass,
          glass_columns_c, glass_columns_a, tgw_kikubaaqudgha, uniq_terence
D:4:      layout_cave_pools, minmay_temple_entry_sparse_star,
          lemuel_statue_altar
Temple:   eino_temple_lava

Skill      XL: |  1  2  3  4 |
---------------+-------------+-----
Long Blades    | 3 4 |  4.4
Fighting       | 3 4 |  4.6
Throwing       | |  1.7
Dodging        | |  2.6

Action                   |  1- 3 |  4- 6 || total
-------------------------+-------+-------++-------
Melee: Long sword        |   100 |    94 ||   194
Throw: Throwing net      |       |     1 ||     1
  Use: Scroll            |       |     6 ||     6
 Stab: Held in net/web   |       |     2 ||     2
  Eat: Chunk             |     8 |     5 ||    13
Armor: Ring mail         |    52 |     4 ||    56
       Leather armour    |     1 |       ||     1
       Chain mail        |       |    49 ||    49
Dodge: Dodged            |    90 |    50 ||   140
       Rpst.: Long sword |    29 |    19 ||    48

Table legend:
 A = Non-vault XP
 B = Vault XP
 C = Vault XP percentage of total XP
 D = Non-vault monster count
 E = Vault monster count
 F = Vault count percentage of total count
                 A         B        C        D         E       F
            +---------+---------+-------+---------+---------+-------
      Total |     235 |      36 |  13.3 |      50 |       1 |   2.0
            +---------+---------+-------+---------+---------+-------
        D:1 |      33 |       0 |   0.0 |      17 |       0 |   0.0
        D:2 |      76 |       0 |   0.0 |      24 |       0 |   0.0
        D:3 |     107 |      36 |  25.2 |       6 |       1 |  14.3
        D:4 |       5 |       0 |   0.0 |       2 |       0 |   0.0
     Temple |      14 |       0 |   0.0 |       1 |       0 |   0.0
            +---------+---------+-------+---------+---------+-------
